Map: [ESL] Altitude

Players

Gerald - Winner!

  • Race: Protoss Protoss
  • Spawn Location: 7:00

Fjant

  • Race: Zerg Zerg
  • Spawn Location: 1:00

Event: ESL SC2 Masters 2023 Summer (Finals)

VOD

Have the link to the VOD?

Description

Time

  • Played on: June 16, 2023, 12:38 p.m.
  • Length: 9:36

All games in this series

Show
View Real Time Build Order
Export as new Build Order

Gerald Protoss - Winner!

Build Orders: 1 Gate Expand, Double Forge, Oracle Opening 

Get SALT Encoding   

  12  0:00  Probe  
  13  0:12  Probe  
  14  0:19  Pylon  
  14  0:24  Probe  
  15  0:37  Probe (Chrono Boost)  
  15  0:40  Gateway  
  16  0:46  Probe (Chrono Boost)  
  17  0:50  Assimilator  
  17  0:51  Probe  
  18  1:03  Probe  
  19  1:15  Probe  
  20  1:27  Nexus  
  20  1:30  Probe  
  21  1:41  Cybernetics Core  
  21  1:44  Probe  
  22  1:49  Assimilator  
  22  1:54  Pylon  
  22  1:58  Probe  
  23  2:12  Probe  
  23  2:14  Adept (Chrono Boost)  
  26  2:24  Probe  
  26  2:27  Stargate  
  27  2:34  Adept (Chrono Boost)  
  27  2:36  Probe  
  28  2:39  Probe  
  28  2:42  Warp Gate  
  31  2:49  Probe  
  32  2:52  Probe  
  32  2:56  Stalker  
  35  3:01  Probe  
  35  3:04  Probe  
  37  3:13  Probe  
  37  3:16  Probe, Pylon  
  39  3:23  Oracle (Chrono Boost)  
  39  3:25  Probe  
  39  3:27  Gateway  
  43  3:29  Probe  
  44  3:37  Probe  
  44  3:41  Probe  
  44  3:49  Probe, Pylon  
  44  3:52  Oracle (Chrono Boost)  
  44  3:53  Probe  
  47  3:57  Adept  
  47  4:01  Probe  
  50  4:05  Probe  
  50  4:08  Assimilator  
  50  4:11  Assimilator  
  50  4:13  Probe  
  50  4:14  Pylon  
  51  4:17  Probe  
  52  4:25  Probe  
  52  4:30  Probe  
  54  4:36  Nexus  
  54  4:37  Probe, Pylon  
  55  4:39  Phoenix (Chrono Boost)  
  55  4:42  Probe, Adept x2  
  62  4:52  Forge  
  60  4:54  Forge  
  60  5:01  Probe  
  60  5:02  Shield Battery  
  60  5:04  Probe  
  62  5:08  Twilight Council  
  62  5:14  Probe  
  63  5:15  Adept x2  
  63  5:16  Probe, Protoss Ground Armor Level 1 (Chrono Boost), Protoss Ground Weapons Level 1 (Chrono Boost)  
  68  5:26  Probe  
  68  5:28  Probe  
  69  5:38  Probe  
  69  5:39  Pylon  
  69  5:40  Probe  
  69  5:42  Pylon  
  71  5:46  Templar Archives  
  71  5:49  Adept x2  
  75  5:50  Probe x2  
  75  5:52  Probe  
  78  5:58  Blink (Chrono Boost)  
  78  6:02  Probe (Chrono Boost)  
  78  6:04  Probe (Chrono Boost)  
  78  6:08  Probe (Chrono Boost)  
  73  6:14  Probe (Chrono Boost), Gateway  
  73  6:15  Gateway  
  73  6:17  Gateway  
  76  6:19  Probe (Chrono Boost)  
  76  6:20  Gateway, Assimilator  
  76  6:21  Probe (Chrono Boost)  
  76  6:22  Probe (Chrono Boost), Assimilator  
  77  6:26  Probe  
  77  6:29  Probe  
  77  6:31  Psionic Storm  
  77  6:32  Probe  
  80  6:39  High Templar x2  
  84  6:40  Probe  
  84  6:41  Probe  
  84  6:44  Probe  
  87  6:49  Pylon  
  87  6:52  Probe  
  88  6:54  Gateway  
  88  6:56  Nexus, Gateway  
  88  6:58  Pylon  
  88  7:03  Probe  
  88  7:07  Probe  
  90  7:09  Stalker  
  90  7:12  Protoss Ground Weapons Level 2 (Chrono Boost)  
  92  7:17  Stalker x3  
  92  7:21  Stalker  
  100  7:26  Stalker  
  100  7:28  Phoenix (Chrono Boost)  
  102  7:36  Stalker  
  104  7:37  Probe  
  105  7:47  Stalker x4  
  105  7:50  Phoenix (Chrono Boost)  
  113  7:53  Photon Cannon  
  113  8:02  Stalker x3  
  113  8:03  Stalker  
  118  8:06  Shield Battery  
  118  8:08  Phoenix (Chrono Boost)  
  118  8:11  Probe x2  
  118  8:12  Probe  
  121  8:18  Stalker x3  
  125  8:23  Probe  
  125  8:24  Pylon  
  126  8:28  Photon Cannon  
  126  8:29  Phoenix (Chrono Boost)  
  126  8:30  Probe x2  
  126  8:33  Shield Battery  
  130  8:37  Stalker x2  
  133  8:46  Probe x2  
  133  8:47  Probe  
  136  8:51  Fleet Beacon  
  136  8:54  Assimilator  
  136  8:57  Assimilator  
  136  9:01  Pylon  
  136  9:15  Stalker x6  
  148  9:19  Probe  
Show
View Real Time Build Order
Export as new Build Order

Fjant Zerg 

Build Orders: Hatch First 

Get SALT Encoding   

  12  0:00  Drone  
  13  0:12  Overlord  
  13  0:17  Drone  
  14  0:30  Drone x2  
  16  0:44  Drone  
  17  0:52  Hatchery  
  16  0:58  Drone  
  16  0:59  Drone  
  18  1:13  Extractor  
  18  1:14  Spawning Pool  
  18  1:16  Drone  
  17  1:21  Drone  
  18  1:29  Drone  
  19  1:42  Drone  
  20  1:52  Overlord  
  20  2:08  Queen x2  
  20  2:10  Zergling x2  
  20  2:12  Zergling x2  
  20  2:14  Drone  
  27  2:15  Metabolic Boost  
  27  2:18  Drone  
  28  2:24  Drone  
  28  2:28  Drone  
  30  2:39  Hatchery  
  29  2:45  Zergling x4  
  31  2:51  Drone  
  31  2:52  Overlord  
  32  3:00  Queen  
  32  3:04  Drone  
  35  3:11  Drone  
  35  3:12  Queen  
  35  3:14  Overlord  
  37  3:21  Zergling x2  
  37  3:23  Drone x3  
  41  3:27  Overlord  
  41  3:34  Evolution Chamber  
  39  3:46  Drone x2  
  42  3:48  Drone x3  
  42  3:54  Queen  
  46  4:00  Drone x3  
  49  4:04  Spore Crawler  
  49  4:07  Lair  
  48  4:14  Drone x2  
  48  4:16  Spore Crawler  
  49  4:17  Drone  
  49  4:19  Drone  
  51  4:26  Queen  
  51  4:28  Drone  
  51  4:30  Overlord  
  54  4:36  Drone x2  
  54  4:37  Drone  
  56  4:43  Drone x2  
  57  4:46  Overlord  
  57  4:48  Drone  
  57  4:51  Drone x2  
  60  4:53  Drone  
  60  4:54  Drone x3  
  64  5:00  Queen  
  66  5:07  Zergling x2  
  66  5:08  Zergling x6, Nydus Network  
  66  5:10  Spore Crawler  
  66  5:19  Extractor, Drone x6  
  70  5:22  Extractor, Overlord  
  68  5:28  Spore Crawler  
  68  5:40  Drone x5  
  73  5:44  Spire  
  73  5:46  Extractor  
  73  5:47  Extractor x2  
  73  5:49  Zergling x8  
  67  6:17  Overlord x2  
  67  6:24  Overlord, Hatchery  
  64  6:34  Drone  
  63  6:41  Drone x2  
  63  6:42  Drone x2  
  67  6:52  Drone x4  
  67  6:53  Overlord  
  67  6:54  Overlord  
  71  7:00  Mutalisk  
  71  7:01  Mutalisk x4  
  73  7:03  Overlord x2  
  81  7:10  Evolution Chamber  
  79  7:16  Mutalisk x5  
  79  7:18  Overlord  
  79  7:22  Mutalisk x2  
  91  7:27  Mutalisk  
  93  7:32  Zergling x4  
  90  7:47  Zergling x2  
  90  7:48  Zergling x10  
  94  7:51  Zergling x4  
  96  8:03  Mutalisk  
  96  8:04  Mutalisk x2  
  101  8:09  Zergling x14  
  104  8:14  Zergling x6  
  106  8:21  Zergling x10  
  111  8:33  Zergling x8  
  114  8:41  Mutalisk  
  109  8:42  Zergling x2  
  109  8:43  Zergling x8  
  114  8:54  Zergling x8  
  116  9:08  Zergling x18  
Tags
 
Add a new tag
Caveats
  • Supply blocks, unpowered buildings, or Contaminate may cause inaccurate times.
  • Supply counts are checked every 10 seconds.